 Dungeon Crawl Stone Soup version 0.19-a0-1676-g39ae8cc (webtiles) character file.

3609 Murumi the Shield-Bearer (level 10, 0/76 HPs)
             Began as a Formicid Fighter on Sept 23, 2016.
             Was an Initiate of Elyvilon.
             Succumbed to a killer bee's poison
             ... on level 8 of the Dungeon.
             The game lasted 00:49:19 (7456 turns).

Murumi the Shield-Bearer (Formicid Fighter)         Turns: 7456, Time: 00:49:19

Health: 0/76       AC: 17    Str: 23    XL:     10   Next: 32%
Magic:  15/15      EV:  9    Int:  9    God:    Elyvilon [......]
Gold:   90         SH: 11    Dex: 15    Spells: 0 memorised, 9 levels left

rFire  . . .     SeeInvis +     b - +0 scimitar
rCold  + . .     Gourm    .     a - +3 plate armour
rNeg   . . .     Faith    .     c - +0 shield
rPois  +         Spirit   .     (helmet unavailable)
rElec  .         Dismiss  .     (no cloak)
rCorr  .         Reflect  .     e - +0 pair of gloves
MR     +....     Harm     .     (no boots)
Stlth  ..........               (no amulet)
                                o - +2 ring of dexterity
                                q - ring of Suspected Treachery {*Corrode rPois rC+ Dex+3}

@: lethally poisoned (0 -> -1)
A: permanent stasis, dig shafts and tunnels, four strong arms, antennae 3
a: Dig, Shaft Self, Renounce Religion


You were on level 8 of the Dungeon.
You worshipped Elyvilon.
Elyvilon was noncommittal.
You were very hungry.

You visited 2 branches of the dungeon, and saw 9 of its levels.

You collected 420 gold pieces.
You spent 330 gold pieces at shops.

Inventory:

Hand Weapons
 b - a +0 scimitar (weapon)
Armour
 a - a +3 plate armour (worn)
 c - a +0 shield (worn)
 e - a +0 pair of gloves (worn)
Jewellery
 n - a +2 ring of protection
 o - a +2 ring of dexterity (right hand)
 q - a ring of Suspected Treachery (left hand) {*Corrode rPois rC+ Dex+3}
   (You took it off an orc on level 4 of the Dungeon)

   [ring of protection from cold]

   It affects your dexterity (+3).
   It protects you from cold.
   It protects you from poison.
   It may corrode you when you take damage.
Wands
 u - a wand of slowing (6/48)
Scrolls
 g - a scroll of remove curse
 j - a scroll of magic mapping
 k - 3 scrolls of enchant weapon
 m - 4 scrolls of identify
 p - 2 scrolls of amnesia
 s - a scroll of recharging
Potions
 d - 2 potions of cancellation
 h - 3 potions of brilliance
Comestibles
 f - 6 bread rations
 i - 6 meat rations
 l - 7 fruits
 r - 2 chunks of flesh


   Skills:
 - Level 6.1 Fighting
 - Level 5.2 Long Blades
 - Level 6.0 Armour
 - Level 5.2 Dodging
 + Level 7.5 Shields
 - Level 7.0 Invocations
 - Level 6.0 Evocations


You had 9 spell levels left.
You didn't know any spells.

Dungeon Overview and Level Annotations

Branches:
Dungeon (8/15)             Temple (1/1) D:6
   Lair: D:8-11

Altars:
Ashenzari
Cheibriados
Dithmenos
Elyvilon
Fedhas
Gozag
Hepliaklqana
Kikubaaqudgha
Makhleb
Nemelex Xobeh
Okawaru
Qazlal
Ru
Sif Muna
Trog
Uskayaw
Vehumet
Xom
Zin
The Shining One

Shops:
D:4 ?   D:6 (   D:7 :[*


Innate Abilities, Weirdness & Mutations

You are under a permanent stasis effect.
You can dig through walls and to a lower floor.
Your four strong arms can wield two-handed weapons with a shield.
You have a pair of large antennae on your head. (SInv)


Message History

You miss the killer bee.
The killer bee is severely wounded.
You feel sick. The killer bee stings you.
* * * LOW HITPOINT WARNING * * *
Put on which piece of jewellery? (? for menu, Esc to quit)
You're wearing all the rings you can.
Remove which one? (? for menu, Esc to cancel) < or
n - a +2 ring of protection; > or
o - a +2 ring of dexterity You remove your +2 ring of protection.
The killer bee closely misses you.
You riposte.
You slice the killer bee!!
You kill the killer bee!
q - a ring of Suspected Treachery (left hand) {*Corrode rPois rC+ Dex+3} You see here a killer bee corpse.
There is a lethal amount of poison in your body!
Okay, then.
* * * LOW HITPOINT WARNING * * *
You feel sick.
There is a stone staircase leading down, spattered with blood here.
You climb downwards.
You die...

##.............##
#.....#.........
#.#####....#..##
#. ##...#..# #
####.###..######
#........)yyy.(#
#.##.###(#####y#
# #...#.####(.#
##.....y@y#{#
#..#.#####{#
#..#.# #z#
....... .zz{ ..#.
.>. .## ...# ...
. .. .....


You could see 3 killer bees.

Vanquished Creatures
  The ghost of xvga the Carver, a novice NaWr of Kikubaaqudgha (D:4)
  Joseph (D:7)
  A hippogriff (D:7)
  Menkaure (D:6)
  2 sky beasts
  3 orc warriors
  An ogre (D:6)
  The ghost of cortexin the Slasher, an amateur HEMo (D:3)
  2 bullfrogs
  A scorpion (D:3)
  13 killer bees
  3 vampire bats (D:6)
  2 howler monkeys
  4 crimson imps
  2 hounds
  A centaur skeleton (D:7)
  4 orc priests
  4 orc wizards
  6 worker ants
  A hound skeleton (D:5)
  A worker ant zombie (D:6)
  A howler monkey zombie (D:7)
  12 gnolls
  4 adders
  2 oozes
  An adder zombie (D:7)
  An adder skeleton (D:4)
  4 worms
  6 dart slugs
  3 leopard geckos
  27 orcs
  4 ball pythons
  15 bats
  3 giant cockroaches
  10 goblins
  7 hobgoblins
  6 jackals
  6 kobolds
  3 quokkas
  7 frilled lizards
  9 rats
186 creatures vanquished.

Notes
Turn   | Place    | Note
-------+----------+-------------------------------------------
     0 | D:1      | Murumi the Formicid Fighter began the quest for the Orb.
     0 | D:1      | Reached XP level 1. HP: 18/18 MP: 1/1
    46 | D:1      | Reached XP level 2. HP: 8/24 MP: 2/2
   262 | D:1      | Reached skill level 1 in Dodging
   366 | D:1      | Reached XP level 3. HP: 27/29 MP: 3/3
  1021 | D:2      | Reached XP level 4. HP: 33/35 MP: 4/4
  1715 | D:3      | Noticed cortexin's ghost (amateur HEMo)
  1728 | D:3      | Killed cortexin's ghost
  1728 | D:3      | Reached XP level 5. HP: 36/43 MP: 5/5
  1940 | D:3      | Reached skill level 5 in Fighting
  2122 | D:3      | Reached XP level 6. HP: 49/51 MP: 6/6
  2129 | D:3      | Found a hide-covered altar of Uskayaw.
  2428 | D:3      | Found a shattered altar of Ashenzari.
  2457 | D:3      | Noticed a sky beast
  2473 | D:3      | Killed a sky beast
  2473 | D:3      | Reached skill level 5 in Armour
  2885 | D:4      | Found Icitsuull's Magic Scroll Emporium.
  2891 | D:4      | Reached XP level 7. HP: 26/56 MP: 7/7
  3142 | D:4      | Bought a scroll of identify for 22 gold pieces
  3142 | D:4      | Bought a scroll of identify for 22 gold pieces
  3142 | D:4      | Bought a scroll of identify for 22 gold pieces
  3142 | D:4      | Bought a scroll of identify for 22 gold pieces
  3142 | D:4      | Bought a scroll of magic mapping for 38 gold pieces
  3142 | D:4      | Bought a scroll of noise for 11 gold pieces
  3177 | D:4      | Reached skill level 5 in Shields
  3273 | D:4      | Noticed xvga's ghost (novice NaWr)
  3329 | D:4      | Killed xvga's ghost
  3329 | D:4      | Reached skill level 5 in Dodging
  3329 | D:4      | Reached XP level 8. HP: 56/62 MP: 8/8
  3453 | D:4      | Got an ancient tin ring
  3493 | D:4      | Identified a ring of Suspected Treachery {*Corrode rPois rC+ Dex+3} (You took it off an orc on level 4 of the Dungeon)
  3949 | D:5      | Entered Level 5 of the Dungeon
  4177 | D:5      | Found a radiant altar of Vehumet.
  4629 | D:6      | Found a staircase to the Ecumenical Temple.
  4634 | D:5      | Reached skill level 1 in Evocations
  4638 | D:5      | Reached XP level 9. HP: 58/68 MP: 8/10
  4901 | D:6      | Reached skill level 5 in Evocations
  4939 | Temple   | Entered the Ecumenical Temple
  5017 | Temple   | Became a worshipper of Elyvilon the Healer
  5552 | D:6      | Noticed Menkaure
  5560 | D:6      | Killed Menkaure
  5778 | D:6      | Found Oshi Yna's Antique Weapon Shop.
  5786 | D:6      | Bought a runed scimitar for 108 gold pieces
  6013 | D:7      | Found Qaptecri's Book Shop.
  6014 | D:7      | Found Ysoeshro's Antique Armour Emporium.
  6027 | D:7      | Found a sacrificial altar of Ru.
  6147 | D:7      | Found Neunad's Assorted Antiques.
  6152 | D:7      | Bought a bubbling orange potion for 19 gold pieces
  6152 | D:7      | Bought a potion of curing for 66 gold pieces
  6199 | D:7      | Found a sparkling altar of Nemelex Xobeh.
  6207 | D:7      | Reached * piety under Elyvilon
  6286 | D:7      | Noticed Joseph
  6306 | D:7      | Killed Joseph
  6427 | D:7      | Noticed a hippogriff
  6444 | D:7      | Killed a hippogriff
  6444 | D:7      | Reached XP level 10. HP: 61/74 MP: 13/15
  7252 | D:8      | Reached skill level 5 in Long Blades
  7439 | D:7      | HP: 1/76 [killer bee (5)]
  7448 | D:7      | HP: 3/76 [poisoned by a killer bee]
  7450 | D:7      | HP: 1/76 [killer bee (2)]
  7456 | D:8      | Succumbed to a killer bee's poison

Vault maps used:
D:1:      minmay_arrival_three_doors, minivault_14
D:3:      mumra_celtic_spiral_tile, lemuel_crystal_altar,
          ashenzari_conservatory_becter, minmay_randomly_rotated_circles
D:4:      first_bread, serial_shops, shop
D:5:      vehumet_crystals
D:6:      serial_shops, nicolae_shop_stone, minmay_item_behind_shaft,
          roderic_batcave, uniq_menkaure
D:7:      kennysheep_mini, nicolae_ru_sacrificial_ziggurat, serial_shops,
          kennysheep_little_box, shop_statue, shop, uniq_joseph
D:8:      wad_woods_minihive, the_bakery, uniq_grum
Temple:   regret_index_temple_generic_petals

Skill      XL: |  1  2  3  4  5  6  7  8  9 10 |
---------------+-------------------------------+-----
Shields        | 4 5 6 7 |  7.5
Dodging        | 1 2 5 |  5.2
Long Blades    | 3 4 5 |  5.2
Fighting       | 4 5 6 |  6.1
Armour         | 4 5 6 |  6.0
Evocations     | 2 5 6 |  6.0
Invocations    | 7 |  7.0

Action                   |  1- 3 |  4- 6 |  7- 9 | 10-12 || total
-------------------------+-------+-------+-------+-------++-------
Melee: Long sword        |   122 |   192 |   331 |       ||   645
       Scimitar          |       |       |   160 |   368 ||   528
Invok: Lesser Healing    |       |       |       |    25 ||    25
 Abil: Dig               |       |     1 |     3 |     1 ||     5
Evoke: Wand              |       |       |       |     2 ||     2
  Use: Scroll            |     3 |     8 |     7 |       ||    18
       Potion            |       |     1 |     4 |     1 ||     6
  Eat: Chunk             |     1 |     6 |    11 |     3 ||    21
       Beef jerky        |       |       |     1 |       ||     1
       Bread ration      |       |       |       |     1 ||     1
Armor: Scale mail        |    48 |    59 |    81 |       ||   188
       Plate armour      |       |       |    68 |   223 ||   291
       Chain mail        |       |       |    25 |       ||    25
       Skin              |       |       |     4 |       ||     4
Dodge: Dodged            |    33 |    58 |   141 |   147 ||   379
Block: Shield            |    61 |    73 |   253 |   273 ||   660
